[ AOE2 MATCH · #513616309 ]
UnrankedSicilians vs Vietnamese
Player's team · WIN
[ REPLAY ANALYSIS · EXTRACTED FROM THE RECORDED GAME ]
Feudal
—
Castle
—
Imperial
—
| APM avg | 63.3 |
| APM peak | 114 |
| eAPM avg | 32.7 |
| Villagers / military | 109 / 0 |
Focus
⚔️ 42.6% · 🌾 57.4%
Feudal
10:00
Castle
—
Imperial
—
| APM avg | 31.2 |
| APM peak | 76 |
| eAPM avg | 15.9 |
| Villagers / military | 48 / 17 |
Focus
⚔️ 27.3% · 🌾 72.7%
Scout Cavalry ×8 · Archer ×5 · Militia ×2 · Spearman ×2
Match map
Initial resources + every placement click. Lines = walls · curves = elevation contours. ◆ gold · ⬟ stone · ● berries · ✦ relic · ◌ wall gap
Your base· Open — unwalled flank
[韓粉戰隊] 台北庶民's base· Open — unwalled flank
Smoothed initial terrain · ◌ = detected wall gap · hover for details
Inputs per minute
— el rey de los chanchos - - [韓粉戰隊] 台北庶民
Build order — el rey de los chanchos
First 150 of 194 actions detected
| 0:00 | Queue | Villager (Male) |
| 0:01 | Queue | Villager (Male) |
| 0:02 | Build | House |
| 0:04 | Build | House |
| 0:15 | Queue | Villager (Male) |
| 0:15 | Queue | Villager (Male) |
| 0:15 | Queue | Villager (Male) |
| 0:22 | Research | Loom |
| 0:22 | Queue | Villager (Male) |
| 0:22 | Queue | Villager (Male) |
| 0:22 | Queue | Villager (Male) |
| 1:47 | Queue | Villager (Male) |
| 1:47 | Queue | Villager (Male) |
| 1:47 | Queue | Villager (Male) |
| 2:38 | Queue | Villager (Male) |
| 2:57 | Build | Palisade Wall |
| 2:58 | Build | Palisade Wall |
| 2:58 | Build | Palisade Wall |
| 2:59 | Build | Palisade Wall |
| 2:59 | Build | Palisade Wall |
| 2:59 | Build | Palisade Wall |
| 2:59 | Build | Palisade Wall |
| 3:00 | Build | Palisade Wall |
| 3:01 | Build | Palisade Wall |
| 3:01 | Build | Palisade Wall |
| 3:02 | Build | Palisade Wall |
| 3:02 | Build | Palisade Wall |
| 3:06 | Queue | Villager (Male) |
| 3:06 | Queue | Villager (Male) |
| 3:12 | Build | Palisade Wall |
| 3:12 | Build | Palisade Wall |
| 3:12 | Build | Palisade Wall |
| 3:13 | Build | Palisade Wall |
| 3:13 | Build | Palisade Wall |
| 3:13 | Build | Palisade Wall |
| 3:13 | Build | Palisade Wall |
| 3:14 | Build | Palisade Wall |
| 3:14 | Build | Palisade Wall |
| 3:14 | Build | Palisade Wall |
| 3:14 | Build | Palisade Wall |
| 3:14 | Build | Palisade Wall |
| 3:15 | Build | Palisade Wall |
| 3:15 | Build | Palisade Wall |
| 3:15 | Build | Palisade Wall |
| 3:15 | Build | Palisade Wall |
| 3:16 | Build | Palisade Wall |
| 3:16 | Build | Palisade Wall |
| 3:16 | Build | Palisade Wall |
| 3:16 | Build | Palisade Wall |
| 3:26 | Queue | Villager (Male) |
| 3:39 | Build | House |
| 3:40 | Build | House |
| 3:46 | Queue | Villager (Male) |
| 3:46 | Queue | Villager (Male) |
| 3:47 | Queue | Villager (Male) |
| 4:16 | Queue | Villager (Male) |
| 4:16 | Queue | Villager (Male) |
| 4:16 | Queue | Villager (Male) |
| 4:16 | Queue | Villager (Male) |
| 4:35 | Queue | Villager (Male) |
| 4:35 | Queue | Villager (Male) |
| 4:35 | Queue | Villager (Male) |
| 4:36 | Queue | Villager (Male) |
| 5:13 | Queue | Villager (Male) |
| 5:13 | Queue | Villager (Male) |
| 5:14 | Queue | Villager (Male) |
| 5:14 | Queue | Villager (Male) |
| 5:52 | Queue | Villager (Male) |
| 5:53 | Queue | Villager (Male) |
| 6:10 | Build | Palisade Wall |
| 6:20 | Queue | Villager (Male) |
| 6:21 | Queue | Villager (Male) |
| 6:21 | Queue | Villager (Male) |
| 6:21 | Queue | Villager (Male) |
| 6:27 | Build | Lumber Camp |
| 6:38 | Queue | Villager (Male) |
| 6:39 | Queue | Villager (Male) |
| 6:39 | Queue | Villager (Male) |
| 6:46 | Queue | Villager (Male) |
| 6:46 | Queue | Villager (Male) |
| 6:46 | Queue | Villager (Male) |
| 6:46 | Queue | Villager (Male) |
| 6:58 | Queue | Villager (Male) |
| 6:59 | Queue | Villager (Male) |
| 6:59 | Queue | Villager (Male) |
| 6:59 | Queue | Villager (Male) |
| 7:13 | Queue | Villager (Male) |
| 7:13 | Queue | Villager (Male) |
| 7:14 | Queue | Villager (Male) |
| 7:49 | Queue | Villager (Male) |
| 7:49 | Queue | Villager (Male) |
| 8:06 | Queue | Villager (Male) |
| 8:07 | Queue | Villager (Male) |
| 8:08 | Queue | Villager (Male) |
| 8:08 | Queue | Villager (Male) |
| 8:09 | Queue | Villager (Male) |
| 8:11 | Build | House |
| 8:12 | Build | House |
| 8:36 | Queue | Villager (Male) |
| 8:36 | Queue | Villager (Male) |
| 8:37 | Queue | Villager (Male) |
| 8:37 | Queue | Villager (Male) |
| 9:02 | Build | Palisade Wall |
| 9:03 | Build | Palisade Wall |
| 9:26 | Build | Town Center |
| 10:02 | Queue | Villager (Male) |
| 10:02 | Queue | Villager (Male) |
| 10:03 | Queue | Villager (Male) |
| 10:03 | Queue | Villager (Male) |
| 10:03 | Queue | Villager (Male) |
| 10:03 | Queue | Villager (Male) |
| 11:28 | Build | Lumber Camp |
| 13:08 | Build | Town Center |
| 13:25 | Build | Palisade Wall |
| 13:25 | Build | Palisade Wall |
| 13:25 | Build | Palisade Wall |
| 13:26 | Build | Palisade Wall |
| 13:26 | Build | Palisade Wall |
| 13:26 | Build | Palisade Wall |
| 13:27 | Build | Palisade Wall |
| 13:27 | Build | Palisade Wall |
| 13:27 | Build | Palisade Wall |
| 13:27 | Build | Palisade Wall |
| 13:27 | Build | Palisade Wall |
| 13:28 | Build | Palisade Wall |
| 13:28 | Build | Palisade Wall |
| 14:04 | Build | Mining Camp |
| 14:31 | Build | Palisade Wall |
| 14:32 | Build | Palisade Wall |
| 14:33 | Build | Palisade Wall |
| 15:17 | Build | Outpost |
| 15:20 | Build | Outpost |
| 15:21 | Build | Outpost |
| 15:31 | Queue | Villager (Male) |
| 15:31 | Queue | Villager (Male) |
| 15:31 | Queue | Villager (Male) |
| 15:31 | Queue | Villager (Male) |
| 15:32 | Queue | Villager (Male) |
| 15:43 | Queue | Villager (Male) |
| 15:43 | Queue | Villager (Male) |
| 15:43 | Queue | Villager (Male) |
| 16:01 | Queue | Villager (Male) |
| 16:01 | Queue | Villager (Male) |
| 16:02 | Queue | Villager (Male) |
| 16:21 | Build | Outpost |
| 16:23 | Build | Outpost |
| 16:26 | Build | Outpost |
| 16:44 | Queue | Villager (Male) |
| 16:44 | Queue | Villager (Male) |
| 16:45 | Queue | Villager (Male) |
Build order — [韓粉戰隊] 台北庶民
120 actions detected in the replay
| 0:03 | Queue | Villager (Male) |
| 0:03 | Queue | Villager (Male) |
| 0:05 | Build | House |
| 0:06 | Build | House |
| 0:40 | Queue | Villager (Male) |
| 0:41 | Queue | Villager (Male) |
| 1:46 | Queue | Villager (Male) |
| 2:06 | Queue | Villager (Male) |
| 2:06 | Queue | Villager (Male) |
| 2:21 | Queue | Villager (Male) |
| 2:21 | Queue | Villager (Male) |
| 2:45 | Queue | Villager (Male) |
| 2:45 | Queue | Villager (Male) |
| 3:03 | Queue | Villager (Male) |
| 3:03 | Queue | Villager (Male) |
| 3:21 | Queue | Villager (Male) |
| 3:21 | Queue | Villager (Male) |
| 4:01 | Queue | Villager (Male) |
| 4:01 | Queue | Villager (Male) |
| 4:01 | Queue | Villager (Male) |
| 4:17 | Build | Lumber Camp |
| 4:22 | Queue | Villager (Male) |
| 4:22 | Queue | Villager (Male) |
| 5:04 | Queue | Villager (Male) |
| 5:09 | Build | House |
| 5:20 | Research | Loom |
| 5:30 | Queue | Villager (Male) |
| 5:48 | Build | Mill |
| 5:49 | Queue | Villager (Male) |
| 6:31 | Queue | Villager (Male) |
| 6:44 | Build | Farm |
| 6:51 | Queue | Villager (Male) |
| 7:07 | Build | House |
| 7:22 | Build | Farm |
| 7:24 | Queue | Villager (Male) |
| 7:48 | Research | Feudal Age |
| 8:18 | Build | Mining Camp |
| 8:50 | Build | Farm |
| 9:24 | Build | Barracks |
| 10:00 | Age | Feudal Age |
| 10:25 | Research | Double-Bit Axe |
| 10:30 | Queue | Villager (Male) |
| 10:36 | Build | Barracks |
| 10:58 | Queue | Villager (Male) |
| 11:39 | Build | Market |
| 12:46 | Build | Archery Range |
| 13:38 | Queue | Archer |
| 13:38 | Queue | Archer |
| 13:43 | Build | House |
| 14:01 | Build | House |
| 14:16 | Build | House |
| 14:36 | Build | Town Center |
| 15:05 | Build | House |
| 15:20 | Build | House |
| 15:23 | Queue | Villager (Male) |
| 15:24 | Queue | Villager (Male) |
| 15:40 | Build | House |
| 15:45 | Build | Mining Camp |
| 15:47 | Queue | Villager (Male) |
| 15:52 | Build | Farm |
| 16:06 | Build | Palisade Wall |
| 16:17 | Build | Farm |
| 16:22 | Build | Farm |
| 16:29 | Build | Palisade Wall |
| 16:37 | Queue | Spearman |
| 16:45 | Build | Farm |
| 17:02 | Build | Farm |
| 17:03 | Queue | Archer |
| 17:07 | Queue | Spearman |
| 17:13 | Build | Farm |
| 17:20 | Queue | Archer |
| 17:34 | Build | Farm |
| 18:10 | Queue | Archer |
| 18:33 | Queue | Villager (Male) |
| 18:49 | Queue | Villager (Male) |
| 18:50 | Queue | Villager (Male) |
| 18:53 | Build | Farm |
| 18:54 | Build | Farm |
| 19:12 | Queue | Villager (Male) |
| 19:16 | Build | Stable |
| 19:24 | Build | House |
| 19:37 | Build | Palisade Wall |
| 19:51 | Queue | Villager (Male) |
| 19:52 | Queue | Villager (Male) |
| 20:06 | Queue | Villager (Male) |
| 20:18 | Build | Stable |
| 20:33 | Queue | Villager (Male) |
| 20:40 | Build | Farm |
| 20:53 | Build | Farm |
| 20:54 | Queue | Villager (Male) |
| 21:16 | Queue | Scout Cavalry |
| 21:22 | Queue | Scout Cavalry |
| 21:46 | Queue | Militia |
| 21:51 | Queue | Villager (Male) |
| 22:18 | Queue | Militia |
| 22:21 | Queue | Villager (Male) |
| 22:40 | Queue | Villager (Male) |
| 22:53 | Build | Farm |
| 22:53 | Build | Farm |
| 23:15 | Queue | Scout Cavalry |
| 23:40 | Queue | Villager (Male) |
| 24:06 | Queue | Scout Cavalry |
| 24:21 | Queue | Villager (Male) |
| 24:30 | Build | House |
| 24:35 | Build | House |
| 24:44 | Queue | Villager (Male) |
| 24:49 | Build | Farm |
| 24:59 | Queue | Scout Cavalry |
| 24:59 | Queue | Scout Cavalry |
| 25:07 | Build | House |
| 26:06 | Queue | Scout Cavalry |
| 27:47 | Queue | Villager (Male) |
| 28:26 | Queue | Scout Cavalry |
| 28:45 | Build | House |
| 28:46 | Build | House |
| 29:22 | Build | House |
| 29:39 | Build | House |
| 29:42 | Build | House |
| 29:58 | Queue | Villager (Male) |
| 30:11 | Build | House |
Match timeline
| 2:57 | el rey de los chanchos · wall_segment Palisade Wall x5 |
| 2:58 | el rey de los chanchos · wall_segment Palisade Wall x4 |
| 2:58 | el rey de los chanchos · wall_segment Palisade Wall x1 |
| 2:59 | el rey de los chanchos · wall_segment Palisade Wall x1 |
| 2:59 | el rey de los chanchos · wall_segment Palisade Wall x1 |
| 2:59 | el rey de los chanchos · wall_segment Palisade Wall x2 |
| 2:59 | el rey de los chanchos · wall_segment Palisade Wall x1 |
| 3:00 | el rey de los chanchos · wall_segment Palisade Wall x3 |
| 3:01 | el rey de los chanchos · wall_segment Palisade Wall x3 |
| 3:01 | el rey de los chanchos · wall_segment Palisade Wall x1 |
| 3:02 | el rey de los chanchos · wall_segment Palisade Wall x2 |
| 3:02 | el rey de los chanchos · wall_segment Palisade Wall x1 |
| 3:12 | el rey de los chanchos · wall_segment Palisade Wall x1 |
| 3:12 | el rey de los chanchos · wall_segment Palisade Wall x1 |
| 3:12 | el rey de los chanchos · wall_segment Palisade Wall x2 |
| 3:13 | el rey de los chanchos · wall_segment Palisade Wall x1 |
| 3:13 | el rey de los chanchos · wall_segment Palisade Wall x2 |
| 3:13 | el rey de los chanchos · wall_segment Palisade Wall x1 |
| 3:13 | el rey de los chanchos · wall_segment Palisade Wall x1 |
| 3:14 | el rey de los chanchos · wall_segment Palisade Wall x1 |
| 3:14 | el rey de los chanchos · wall_segment Palisade Wall x1 |
| 3:14 | el rey de los chanchos · wall_segment Palisade Wall x2 |
| 3:14 | el rey de los chanchos · wall_segment Palisade Wall x2 |
| 3:14 | el rey de los chanchos · wall_segment Palisade Wall x1 |
| 3:15 | el rey de los chanchos · wall_segment Palisade Wall x1 |
| 3:15 | el rey de los chanchos · wall_segment Palisade Wall x1 |
| 3:15 | el rey de los chanchos · wall_segment Palisade Wall x2 |
| 3:15 | el rey de los chanchos · wall_segment Palisade Wall x1 |
| 3:16 | el rey de los chanchos · wall_segment Palisade Wall x2 |
| 3:16 | el rey de los chanchos · wall_segment Palisade Wall x1 |
| 3:16 | el rey de los chanchos · wall_segment Palisade Wall x2 |
| 3:16 | el rey de los chanchos · wall_segment Palisade Wall x1 |
| 6:10 | el rey de los chanchos · wall_segment Palisade Wall x1 |
| 9:02 | el rey de los chanchos · wall_segment Palisade Wall x1 |
| 9:03 | el rey de los chanchos · wall_segment Palisade Wall x1 |
| 9:24 | [韓粉戰隊] 台北庶民 · first_building Barracks |
| 10:00 | [韓粉戰隊] 台北庶民 · age_up feudal |
| 12:38 | [韓粉戰隊] 台北庶民 · first_market_sell 100 stone |
| 12:41 | [韓粉戰隊] 台北庶民 · first_market_buy 100 food |
| 12:46 | [韓粉戰隊] 台北庶民 · first_building Archery Range |
| 13:25 | el rey de los chanchos · wall_segment Palisade Wall x3 |
| 13:25 | el rey de los chanchos · wall_segment Palisade Wall x1 |
| 13:25 | el rey de los chanchos · wall_segment Palisade Wall x1 |
| 13:26 | el rey de los chanchos · wall_segment Palisade Wall x2 |
| 13:26 | el rey de los chanchos · wall_segment Palisade Wall x1 |
| 13:26 | el rey de los chanchos · wall_segment Palisade Wall x2 |
| 13:27 | el rey de los chanchos · wall_segment Palisade Wall x2 |
| 13:27 | el rey de los chanchos · wall_segment Palisade Wall x1 |
| 13:27 | el rey de los chanchos · wall_segment Palisade Wall x2 |
| 13:27 | el rey de los chanchos · wall_segment Palisade Wall x2 |
| 13:27 | el rey de los chanchos · wall_segment Palisade Wall x1 |
| 13:28 | el rey de los chanchos · wall_segment Palisade Wall x1 |
| 13:28 | el rey de los chanchos · wall_segment Palisade Wall x1 |
| 14:31 | el rey de los chanchos · wall_segment Palisade Wall x1 |
| 14:32 | el rey de los chanchos · wall_segment Palisade Wall x5 |
| 14:33 | el rey de los chanchos · wall_segment Palisade Wall x3 |
| 16:06 | [韓粉戰隊] 台北庶民 · wall_segment Palisade Wall x4 |
| 16:29 | [韓粉戰隊] 台北庶民 · wall_segment Palisade Wall x7 |
| 19:04 | el rey de los chanchos · wall_segment Palisade Wall x1 |
| 19:16 | [韓粉戰隊] 台北庶民 · first_building Stable |
| 19:37 | [韓粉戰隊] 台北庶民 · wall_segment Palisade Wall x1 |
| 25:26 | el rey de los chanchos · wall_segment Palisade Wall x1 |
| 25:27 | el rey de los chanchos · wall_segment Palisade Wall x1 |
| 25:28 | el rey de los chanchos · wall_segment Palisade Wall x1 |
| 25:30 | el rey de los chanchos · wall_segment Palisade Wall x1 |
| 31:05 | [韓粉戰隊] 台北庶民 · resign |
[ AI ANALYSIS · 1 CREDIT ]
What really happened in this match?
Wolo.gg analyzes every decision: build order, eco, micro, common mistakes by bracket. Personalized analysis on WhatsApp or Discord in 30 seconds.
Civ guide
Sicilians
Perfil
Jugador #25988091